 Dungeon Crawl Stone Soup version 0.17.1-2-g5865329 (webtiles) character file.

372 MirrMurr the Covert (level 6, -2/28 HPs)
             Began as a Spriggan Enchanter on Jan 10, 2016.
             Killed from afar by a goblin (7 damage)
             ... with a wand of magic darts
             ... on level 4 of the Dungeon.
             The game lasted 00:10:57 (4147 turns).

MirrMurr the Covert (Spriggan Enchanter)            Turns: 4147, Time: 00:10:57

Health: -2/28      AC:  4    Str:  4    XL:     6   Next: 43%
Magic:  8/14       EV: 18    Int: 19    God:
Gold:   143        SH:  0    Dex: 16    Spells: 5 memorised, 4 levels left

rFire  . . .     SeeInvis +     a - +3 dagger (speed)
rCold  . . .     Clarity  .     r - +1 robe
rNeg   . . .     SustAt   .     (shield restricted)
rPois  .         Gourm    .     (helmet restricted)
rElec  .         Spirit   .     p - +0 cloak
rCorr  .         Warding  .     (gloves unavailable)
rMut   .         Stasis   .     (boots unavailable)
MR     +....                    (no amulet)
Stlth  +++++.....               (no ring)
                                (no ring)

@: very quick, somewhat resistant to hostile enchantments, quite stealthy
A: unfitting armour, see invisible, herbivore 3, speed 3, slow metabolism 2
a: no special abilities


You were on level 4 of the Dungeon.
You were full.

You visited 1 branch of the dungeon, and saw 4 of its levels.

You collected 143 gold pieces.

Inventory:

Hand Weapons
 a - a +3 dagger of speed (weapon)
 b - a +1 dagger
 k - a +3 hunting sling
 n - a cursed -3 rapier
 y - a +4 dagger
Missiles
 e - 141 stones
 o - 7 tomahawks (quivered)
 s - 5 poisoned tomahawks
Armour
 p - a +0 cloak (worn)
 r - a +1 robe (worn)
Magical Staves
 g - an uncursed staff of poison {unknown}
Wands
 v - a wand of lightning (2)
Scrolls
 f - 2 scrolls of teleportation
 x - a scroll of amnesia
Potions
 h - 3 potions of invisibility
 i - 3 potions of curing
 j - a potion of heal wounds
 l - a potion of haste
 m - a potion of might
 t - a potion of agility
 u - a potion of berserk rage {unknown}
 A - a potion of flight {unknown}
Books
 c - a book of Maledictions

   Spells                             Type                      Level
   a - Corona                         Hexes                        1
   b - Ensorcelled Hibernation        Hexes/Ice                    2
   c - Confuse                        Hexes                        3
   d - Tukima's Dance                 Hexes                        3
   e - Dazzling Spray                 Conjuration/Hexes            3
 q - a book of Air

   Spells                             Type                      Level
   a - Shock                          Conjuration/Air              1
   b - Swiftness                      Charms/Air                   2
   c - Repel Missiles                 Charms/Air                   2
   d - Static Discharge               Conjuration/Air              3
   e - Lightning Bolt                 Conjuration/Air              5
Comestibles
 d - a bread ration
 w - 4 fruits
 z - a royal jelly


   Skills:
 - Level 1.1 Short Blades
 - Level 3.0 Dodging
 * Level 9.5 Stealth
 + Level 5.3 Spellcasting
 - Level 3.6 Hexes


You had 4 spell levels left.
You knew the following spells:

 Your Spells              Type           Power        Failure   Level  Hunger
a - Ensorcelled Hibernat  Hex/Ice        ##....       10%         2    None
b - Confuse               Hex            ###.....     12%         3    ##.....
c - Corona                Hex            ###....      3%          1    None
d - Dazzling Spray        Conj/Hex       ##......     17%         3    ##.....
r - Repel Missiles        Chrm/Air       #.....       21%         2    None


Dungeon Overview and Level Annotations

Branches:
Dungeon (4/15)
 Temple: D:4-7

Altars:
Fedhas
Ru
Trog
Vehumet
Zin


Innate Abilities, Weirdness & Mutations

You are tiny and cannot use many weapons and most armour.
You have supernaturally acute eyesight.
You are a herbivore.
You cover ground extremely quickly.
You need consume almost no food.


Message History

The orc hits you from afar with a trident.
The orc priest misses you. The goblin closely misses you.
You hit the orc priest but do no damage.
The orc priest is lightly wounded.
The orc misses you. x2
The orc priest looks braver for a moment.
Casting: Ensorcelled Hibernation
Confirm with . or Enter, or press ? or * to list all spells.
Aiming: Ensorcelled Hibernation
Press: ? - help, Shift-Dir - straight line, f/p - orc priest
Aim: an orc priest, wielding a flail and wearing a chain mail (lightly wounded, chance to defeat MR: 42%)
The orc priest looks drowsy...
The goblin zaps a wand.
The magic dart hits you!
* * * LOW HITPOINT WARNING * * *
The orc closely misses you.
You are too injured to fight recklessly!
The helpless orc priest fails to defend itself.
You impale the orc priest!!
You kill the orc priest!
The goblin zaps a wand.
The magic dart hits you!
You die...

##.##.#
###.##.######
#...........#
####.#..#.####.#
#.<.....#.# #.#
#.........# #.#
####....#....####.#
.....J..g....#....#
#####o#@_.#..#.####
......o)....>#.#
♣###...o#...##.#
##.......##.######
.....#####......#
♣♣##### ####.###.##
##....<....#
............#
.##.#...##..#


You could see an ooze, 2 orcs and a goblin.

Vanquished Creatures
  An ogre (D:4)
  An orc priest (D:4)
  Crazy Yiuf (D:2)
  An orc wizard (D:4)
  5 adders
  3 gnolls (D:3)
  An adder skeleton (D:4)
  3 worms
  2 giant geckos (D:2)
  9 orcs
  2 ball pythons
  12 bats
  3 giant cockroaches (D:2)
  15 hobgoblins
  20 kobolds
  3 quokkas
  4 giant newts (D:1)
  10 goblins
  7 rats
103 creatures vanquished.

Notes
Turn   | Place    | Note
--------------------------------------------------------------
     0 | D:1      | MirrMurr the Spriggan Enchanter began the quest for the Orb.
     0 | D:1      | Reached XP level 1. HP: 9/9 MP: 5/5
   256 | D:1      | Reached skill level 5 in Stealth
   295 | D:1      | Reached XP level 2. HP: 11/13 MP: 6/6
   299 | D:1      | Learned a level 2 spell: Ensorcelled Hibernation
   723 | D:1      | Reached skill level 6 in Stealth
  1132 | D:1      | Reached XP level 3. HP: 13/16 MP: 8/8
  1137 | D:1      | Learned a level 3 spell: Confuse
  2031 | D:2      | Noticed Crazy Yiuf
  2064 | D:2      | Killed Crazy Yiuf
  2064 | D:2      | Reached skill level 7 in Stealth
  2064 | D:2      | Reached XP level 4. HP: 21/21 MP: 2/10
  2277 | D:2      | Found a bloodstained altar of Trog.
  2420 | D:2      | Found a sacrificial altar of Ru.
  2650 | D:2      | Reached XP level 5. HP: 24/24 MP: 9/12
  2846 | D:2      | Learned a level 3 spell: Dazzling Spray
  2849 | D:2      | Learned a level 2 spell: Repel Missiles
  3180 | D:3      | Reached skill level 8 in Stealth
  3301 | D:3      | Found a glowing silver altar of Zin.
  3301 | D:3      | Found a blossoming altar of Fedhas.
  3949 | D:4      | Found a radiant altar of Vehumet.
  3951 | D:4      | Noticed an ogre
  3958 | D:4      | Killed an ogre
  3958 | D:4      | Reached skill level 9 in Stealth
  3958 | D:4      | Reached skill level 5 in Spellcasting
  3958 | D:4      | Reached XP level 6. HP: 28/28 MP: 14/14
  4147 | D:4      | Killed from afar by a goblin

Action                   |  1- 3 |  4- 6 || total
-------------------------+-------+-------++-------
Melee: Dagger            |   177 |   112 ||   289
 Cast: Ensorcelled Hiber |     4 |    22 ||    26
       Dazzling Spray    |       |     5 ||     5
  Use: Scroll            |     5 |     9 ||    14
 Stab: Sleeping          |    13 |    28 ||    41
       Distracted        |     1 |       ||     1
       Invisible         |       |     1 ||     1
  Eat: Bread ration      |       |     1 ||     1
       Pizza             |       |     1 ||     1
